 Dungeon Crawl Stone Soup version 0.25-a0-424-g80bd347 (webtiles) character file.

Game seed: 17936758570161775572, levelgen mode: deterministic

69 BlueFish the Insei (level 4, -1/29 HPs)
             Began as an Octopode Transmuter on Jan 21, 2020.
             Asphyxiated
             ... on level 3 of the Dungeon.
             The game lasted 00:05:29 (1928 turns).

BlueFish the Insei (Octopode Transmuter)            Turns: 1928, Time: 00:05:30

Health: -1/29      AC:  1    Str: 10    XL:     4   Next: 20%
Magic:  7/7        EV: 13    Int: 15    God:
Gold:   54         SH:  0    Dex: 12    Spells: 1/7 levels left

rFire    . . .     SeeInvis .     - Unarmed
rCold    . . .     Gourm    .   (no shield)
rNeg     . . .     Faith    .   (helmet restricted)
rPois    .         Spirit   .   (no amulet)
rElec    .         Reflect  .   (no ring)
rCorr    .         Harm     .   (no ring)
MR       .....                  (no ring)
Stlth    +++.......             (no ring)
HPRegen  0.09/turn              (no ring)
MPRegen  0.10/turn              (no ring)
                                (no ring)
                                (no ring)

@: lethally poisoned (-1 -> -27), appendage (expiring), slowed, very slow
A: almost no armour, stealthy swim, amphibious, 8 rings, constrict 8, tentacle
spike 3, camouflage 1, gelatinous body 1
a: End Transformation


You were on level 3 of the Dungeon.
You were not hungry.
One of your tentacles had a temporary spike.
You visited 1 branch of the dungeon, and saw 3 of its levels.

You collected 54 gold pieces.

Inventory:

Missiles
 a - 12 arrows
Scrolls
 b - 2 scrolls of amnesia
Potions
 d - a potion of cancellation {unknown}
 e - 2 potions of curing {unknown}
 f - a potion of heal wounds {unknown}
Comestibles
 c - 3 rations
 g - 2 chunks of flesh


   Skills:
 * Level 1.7 Fighting
 + Level 2.2 Dodging
 + Level 1.8 Stealth
 + Level 3.6 Unarmed Combat
 + Level 2.4 Spellcasting
 + Level 2.2 Transmutations
 * Level 0.4 Poison Magic


You had one spell level left.
You knew the following spells:

 Your Spells              Type           Power        Failure   Level  Hunger
a - Beastly Appendage     Tmut           #.....       9%          1    #......
b - Sticks to Snakes      Tmut           #.......     13%         2    ###....
c - Spider Form           Tmut/Pois      #.........   36%         3    ###....

Your spell library contained the following spells:

 Spells                   Type           Power        Failure   Level  Hunger
 Ice Form                 Ice/Tmut       #.......     80%         4    #####..
 Blade Hands              Tmut           #.........   93%         5    ######.


Dungeon Overview and Level Annotations

Branches:
Dungeon (3/15)

Altars:


Innate Abilities, Weirdness & Mutations

You cannot wear most types of armour.
You are very stealthy in the water. (Stealth+)
You are amphibious.
You can wear up to eight rings at the same time.
You can use your tentacles to constrict eight enemies at once.
Your skin changes colour to match your surroundings (Stealth+).
Your rubbery body absorbs attacks. (AC +1, EV +1)
One of your tentacles bears a large vicious spike.


Message History

You tentacle-slap the dart slug.
You pierce the dart slug.
You kill the dart slug!
The kobold throws a curare-tipped dart.
The curare-tipped dart hits you.
You are poisoned.
You have difficulty breathing.
You feel yourself slow down.
You feel sick.
The kobold throws a curare-tipped dart.
The curare-tipped dart hits you.
You are lethally poisoned!
You have difficulty breathing.
* * * LOW HITPOINT WARNING * * *
You feel as though you will be slow longer.
A worm comes into view.
The kobold throws a curare-tipped dart.
The curare-tipped dart barely misses you.
* * * LOW HITPOINT WARNING * * *
You feel sick.
The kobold throws a curare-tipped dart.
The curare-tipped dart hits you.
You are more poisoned.
You have difficulty breathing.
You die...

..# # .. #.###.# . ..
#$#...# .# ..
#.#.#.##.##( #.
#.#.........
##.##.#....#.#
...#.#.#.##.#####
.#####.#.#.#.........
.....K.@.(..(........
.#####w#.####.#########
#.#.....).รท.....<#
#........#########
#........#
...............
.#..#.........##
<.#..#.........#
$..........#


You could see a worm (wandering) and a kobold.

Vanquished Creatures
  2 adders
  3 dart slugs
  3 leopard geckos
  A ball python (D:2)
  5 bats
  3 giant cockroaches
  6 goblins
  4 hobgoblins
  A quokka (D:2)
  A frilled lizard (D:1)
  5 kobolds
  4 rats
38 creatures vanquished.

Notes
Turn   | Place    | Note
-------+----------+-------------------------------------------
     0 | D:1      | BlueFish the Octopode Transmuter began the quest for the
                  | Orb.
     0 | D:1      | Reached XP level 1. HP: 13/13 MP: 3/3
   260 | D:1      | Reached XP level 2. HP: 18/18 MP: 5/5
   264 | D:1      | Learned a level 2 spell: Sticks to Snakes
   444 | D:1      | You fall into a shaft and drop 1 floor!
   928 | D:2      | Reached XP level 3. HP: 9/23 MP: 6/6
   939 | D:2      | Reached skill level 1 in Stealth
  1882 | D:2      | Learned a level 3 spell: Spider Form
  1899 | D:3      | Reached XP level 4. HP: 29/29 MP: 5/7
  1928 | D:3      | Asphyxiated

Levels and vault maps discovered:
D:1:      lightli_arrival_lavapool, layout_loops_corners
D:2:      layout_rooms
D:3:      layout_basic, trog_eyes_of_draining, demons_altar,
          nicolae_ru_the_path_less_chosen

Skill      XL: |  1  2  3 |
---------------+----------+-----
Stealth        | 1 |  1.8
Fighting       | |  1.7
Dodging        | |  2.2
Unarmed Combat | |  3.6
Spellcasting   | |  2.4
Transmutations | |  2.2
Poison Magic   | |  0.4

Action                   |  1- 3 |  4- 6 || total
-------------------------+-------+-------++-------
Melee: Unarmed           |    78 |     6 ||    84
       Constrict         |    22 |     2 ||    24
       Kick              |    13 |     2 ||    15
       Tentacles         |    12 |     1 ||    13
       Punch             |       |     1 ||     1
 Cast: Beastly Appendage |    19 |     1 ||    20
  Use: Scroll            |     3 |       ||     3
 Stab: Sleeping          |     9 |       ||     9
  Eat: Chunk             |     3 |       ||     3
Armor: Skin              |     7 |     1 ||     8
Dodge: Dodged            |    55 |     2 ||    57

Table legend:
 A = Non-vault XP
 B = Vault XP
 C = Vault XP percentage of total XP
 D = Non-vault monster count
 E = Vault monster count
 F = Vault count percentage of total count
                 A         B        C        D         E       F
            +---------+---------+-------+---------+---------+-------
      Total |      99 |       0 |   0.0 |      38 |       0 |   0.0
            +---------+---------+-------+---------+---------+-------
        D:1 |      28 |       0 |   0.0 |      15 |       0 |   0.0
        D:2 |      48 |       0 |   0.0 |      18 |       0 |   0.0
        D:3 |      23 |       0 |   0.0 |       5 |       0 |   0.0
            +---------+---------+-------+---------+---------+-------
